 Dungeon Crawl Stone Soup version 0.28-a0-1506-g3893175d92 (webtiles) character file.

Game seed: 9035530824087831573

18576 karrick the Basher (level 12, -6/75 HPs)
             Began as a Gargoyle Fighter on Jan 14, 2022.
             Was a High Priest of Okawaru.
             Mangled by a frost giant (26 damage)
             ... in an ice cave.
             The game lasted 00:37:53 (15241 turns).

karrick the Basher (Gargoyle Fighter)              Turns: 15241, Time: 00:37:54

Health: -6/75      AC: 18    Str: 22    XL:     12   Next: 60%
Magic:  12/12      EV: 16    Int:  8    God:    Okawaru [*****.]
Gold:   752        SH:  8    Dex: 21    Spells: 11/11 levels left

rFire   . . .      SeeInvis .   a - +2 war axe (flame)
rCold   + . .      Faith    .   c - +0 buckler
rNeg    + . .      Spirit   .   d - +2 leather armour of Snakes and Ladders {Dex+8}
rPois   ∞          Reflect  .   i - +0 helmet
rElec   +          Harm     .   b - +1 cloak {rCorr}
rCorr   +          Rampage  .   (no gloves)
Will    .....                   (no boots)
Stlth   +++.......              M - amulet of regeneration
HPRegen 1.02/turn               n - ring of protection from cold
MPRegen 0.13/turn               r - ring of flight

@: flying
A: sickness immunity, AC +8, negative energy resistance 1, electricity
resistance, torment resistance 1, petrification resistance
a: Renounce Religion, Heroism, Finesse, Duel


You were in an ice cave.
You worshipped Okawaru.
Okawaru was extremely pleased with you.
You visited 3 branches of the dungeon, and saw 14 of its levels.
You also visited: Ice Cave.

You collected 752 gold pieces.

Inventory:

Hand Weapons
 a - a +2 war axe of flaming (weapon)
 z - a +2 mace of venom
 G - a +3 war axe
 O - a +3 dire flail of freezing
 S - a +5 vampiric long sword
 T - the +12 scimitar "Juankugo" {freeze, rElec Dex+3}
   (You found it on level 7 of the Dungeon)

   It freezes those it strikes, dealing additional cold damage.
   It can also slow down cold-blooded creatures.
   Dex:       It affects your dexterity (+3).
   rElec:     It insulates you from electricity.
 W - a +0 whip of electrocution
 Y - a +2 morningstar of draining
 Z - a +0 antimagic hand axe
Armour
 b - a +1 cloak of preservation (worn)
 c - a +0 buckler (worn)
 d - the +2 leather armour of Snakes and Ladders (worn) {Dex+8}
   (You took it off a hobgoblin on level 2 of the Dungeon)

   Dex:       It affects your dexterity (+8).
 i - a +0 helmet (worn)
 F - a +0 cloak
 R - the +4 scale mail of Eternal Vigilance {Contam Will+++ Str+4 Stlth-}
   (You took it off an orc on level 7 of the Dungeon)

   Str:       It affects your strength (+4).
   Contam:    It causes magical contamination when unequipped.
   Will:      It greatly increases your willpower.
   Stlth:     It makes you less stealthy.
 U - the +4 plate armour of the Butcher {Harm}
   (You found it on level 7 of the Dungeon)

   Harm:      It increases damage dealt and taken.
Jewellery
 n - a ring of protection from cold (left hand)
 q - an amulet of magic regeneration
 r - a ring of flight (right hand)
 y - an amulet of guardian spirit
 C - an amulet of the acrobat
 K - a ring of fire
 M - an amulet of regeneration (around neck)
 Q - an amulet of reflection
Wands
 H - a wand of polymorph (11)
 I - a wand of paralysis (17)
 N - a wand of digging (4)
Scrolls
 f - 2 scrolls of brand weapon
 j - 3 scrolls of enchant armour
 k - 2 scrolls of amnesia
 m - a scroll of enchant weapon
 p - a scroll of silence
 s - 2 scrolls of fear
 t - 2 scrolls of immolation
 u - 2 scrolls of torment
 w - a scroll of noise {unknown}
 x - a scroll of blinking {unknown}
 A - 2 scrolls of holy word
 B - a scroll of teleportation
 J - a scroll of summoning
 X - a scroll of fog {unknown}
Potions
 e - 2 potions of magic
 g - 2 potions of brilliance
 h - a potion of invisibility {unknown}
 l - 2 potions of degeneration {unknown}
 o - 3 potions of attraction {unknown}
 v - 2 potions of mutation {unknown}
 D - a potion of flight {unknown}
 E - a potion of lignification {unknown}
 L - 2 potions of curing
 P - a potion of resistance {unknown}


   Skills:
 + Level 8.7 Fighting
 + Level 3.9 Long Blades
 + Level 11.9 Maces & Flails
 + Level 5.5 Armour
 + Level 6.5 Dodging
 + Level 5.6 Stealth
 * Level 11.8 Shields
 + Level 0.6 Evocations


You had 11 spell levels left.
You didn't know any spells.
Your spell library contained the following spells:

 Spells                   Type           Power      Damage    Failure   Level
 Magic Dart               Conj           0%         1d3       52%         1
 Shock                    Conj/Air       0%         1d3       52%         1
 Corpse Rot               Necr/Air       0%         N/A       65%         2
 Poisonous Vapours        Pois/Air       0%         N/A       65%         2
 Scorch                   Fire           0%         2d5       65%         2
 Ignite Poison            Fire/Tmut/Pois 0%         N/A       87%         3
 Inner Flame              Hex/Fire       0%         N/A       87%         3
 Mephitic Cloud           Conj/Pois/Air  0%         N/A       87%         3
 Ozocubu's Armour         Ice            0%         N/A       87%         3
 Stone Arrow              Conj/Erth      0%         3d7       87%         3
 Swiftness                Air            0%         N/A       87%         3
 Airstrike                Air            0%         N/A       99%         4
 Cause Fear               Hex            0%         N/A       99%         4
 Flame Wave               Conj/Fire      0%         2d4       99%         4
 Fulminant Prism          Conj/Hex       0%         3d6       99%         4
 Iskenderun's Mystic Bla  Conj/Tloc      0%         2d3       99%         4
 Freezing Cloud           Conj/Ice/Air   0%         6-21      100%        5
 Lee's Rapid Deconstruct  Erth           0%         3d5*      100%        5
 Ozocubu's Refrigeration  Ice            0%         4d5       100%        7
 Discord                  Hex            0%         N/A       100%        8
 Lehudib's Crystal Spear  Conj/Erth      0%         10d2      100%        8
 Call Imp                 Summ           Unusable   N/A       N/A         2
 Animate Armour           Summ/Erth      Unusable   N/A       N/A         4
 Summon Forest            Summ/Tloc      Unusable   N/A       N/A         5
 Summon Mana Viper        Hex/Summ       Unusable   N/A       N/A         5
 Summon Cactus Giant      Summ           Unusable   N/A       N/A         6

Dungeon Overview and Level Annotations

Branches:
Dungeon (12/15)            Temple (1/1) D:7            Lair (1/6) D:10
    Orc (0/2) D:11          IceCv (1/1)

Altars:
Ashenzari
Cheibriados
Dithmenos
Gozag
Hepliaklqana
Kikubaaqudgha
Makhleb
Nemelex Xobeh
Okawaru
Qazlal
Sif Muna
Trog
Uskayaw
Vehumet
Wu Jian
Xom
Yredelemnul
Zin
The Shining One

Shops:
D:7 (

Portals:
Trove: D:10 (give +3 fire dragon scales)

Annotations:
D:7 1 runed translucent door
D:11 1 runed translucent door, bladeefan's ghost, novice DsBe


Innate Abilities, Weirdness & Mutations

You are immune to sickness and miasma.
Your stone body is resilient. (AC +8)
You are immune to poison.
You resist negative energy. (rN+)
You are resistant to electric shocks. (rElec)
You are resistant to unholy torment.
You are immune to petrification.


Message History

Unknown command.
Your +2 mace of venom stops dripping with poison.
Your +2 war axe of flaming bursts into flame!
a - a +2 war axe of flaming (weapon)
Aiming: Corrosive Bolt
Press: ? - help, Shift-Dir - straight line, f/p - frost giant
Aim: a frost giant, wielding a +0 battleaxe of freezing (heavily wounded, covered in acid, 98% to hit)
The bolt of acid hits the frost giant!
The frost giant seems to be corroded for longer.
The frost giant is heavily wounded.
The frost giant points at you and mumbles some strange words.
The bolt of cold hits you! You resist.
Unknown command.
Aiming: Corrosive Bolt
Press: ? - help, Shift-Dir - straight line, f/p - frost giant
Aim: a frost giant, wielding a +0 battleaxe of freezing (heavily wounded, covered in acid, 98% to hit)
The bolt of acid hits the frost giant!
The frost giant is severely wounded.
The bolt of acid hits the death yak!
The death yak seems to be corroded for longer.
The death yak is heavily wounded.
The now-empty wand crumbles to dust.
Unknown command.
You barely miss the frost giant.
The frost giant is severely wounded.
You barely miss the frost giant.
The frost giant is severely wounded.
The frost giant casts a spell at you. The bolt of cold hits you!! You resist.
* * * LOW HITPOINT WARNING * * *
You don't have any such object.
Evoke which item? (* to show all) (? for menu, Esc to quit)
That's the wrong kind of item! (Use * to select it.) Evoke which item? (* to show all) (? for menu, Esc to quit)
Okay, then.
Okay, then.
You hit the frost giant but do no damage.
The frost giant is severely wounded.
The frost giant hits you with a +0 battleaxe of freezing!!
You die...

###### ### #≈≈#≈###
######.#####
###≈≈≈≈≈≈###..@CYhhY..#
##≈≈≈≈≈≈≈..#.####h∩.###.$$:)#
##≈≈≈≈≈≈≈≈##..# ##.## .###)#
≈≈≈≈≈≈≈######## ### C.
≈≈≈≈####


Yhh ≈#≈## .Yh# #### ..## ### You could see a frost giant (corroded), 2 death
yaks, 2 polar bears and a wolf.

Vanquished Creatures
  2 two-headed ogres
  A manticore (D:7)
  2 cyclopes
  A gargoyle (D:7)
  An unseen horror (D:9)
  2 trolls
  3 polar bears (IceCv)
  A slime creature (D:7)
  3 hornets
  The ghost of croobank the Insei, an amateur OpTm of Elyvilon (D:5)
  5 blink frogs (Lair:1)
  30 yaks
  4 humans (D:9)
  A wraith (D:10)
  2 wyverns
  A basilisk (D:8)
  2 vampire mosquitoes (D:11)
  Duvessa (D:5)
  6 water moccasins
  A black bear (D:10)
  6 orc warriors
  2 hornet zombies
  2 necrophages
  3 ogres
  4 centaurs
  13 wolves (IceCv)
  4 kobold brigands
  A wyvern zombie (D:6)
  9 bullfrogs
  2 scorpions (D:5)
  2 water moccasin zombies (D:6)
  3 wyvern skeletons
  A water moccasin skeleton (D:6)
  Dowan (D:5)
  10 killer bees
  8 wights
  A howler monkey (D:6)
  An electric eel (D:6)
  5 bullfrog zombies (D:6)
  7 centaur zombies (D:6)
  A gnoll shaman (D:5)
  A human zombie (D:6)
  4 orc priests
  A hound (D:5)
  2 centaur skeletons (D:6)
  7 bullfrog skeletons
  Ijyb (D:4)
  9 orc wizards
  Natasha (twice) (D:2)
  An iguana (D:7)
  2 killer bee zombies
  4 mummies (D:6)
  2 howler monkey zombies
  Robin (D:2)
  5 gnolls
  2 howler monkey skeletons (D:6)
  8 adders
  A shadow imp (D:7)
  12 white imps (Lair:1)
  6 ufetubi
  An adder skeleton (D:4)
  2 worms
  2 dart slugs
  32 orcs
  7 ball pythons
  5 bats
  8 endoplasms
  14 giant cockroaches
  12 goblins
  11 hobgoblins
  6 jackals
  2 quokkas
  A frilled lizard (D:2)
  20 kobolds
  4 rats
354 creatures vanquished.

Vanquished Creatures (others)
  4 kobolds (D:5)
  18 fungi
  33 plants
  7 withered plants (D:6)
62 creatures vanquished.

Grand Total: 416 creatures vanquished

Notes
Turn   | Place    | Note
-------+----------+-------------------------------------------
     0 | D:1      | karrick the Gargoyle Fighter began the quest for the Orb.
     0 | D:1      | Reached XP level 1. HP: 14/14 MP: 1/1
   302 | D:1      | Reached XP level 2. HP: 19/19 MP: 2/2
  1044 | D:2      | Reached XP level 3. HP: 24/24 MP: 3/3
  1406 | D:2      | Reached XP level 4. HP: 17/29 MP: 4/4
  1623 | D:2      | Noticed Natasha
  1625 | D:2      | Noticed Robin
  1928 | D:3      | Found a faded altar of an unknown god.
  2063 | D:3      | Found an ancient bone altar of Kikubaaqudgha.
  2139 | D:3      | Noticed a bullfrog
  2222 | D:3      | Killed a bullfrog
  2223 | D:3      | Reached XP level 5. HP: 16/33 MP: 5/5
  2428 | D:3      | Found a sparkling altar of Nemelex Xobeh.
  2514 | D:2      | Killed Natasha
  2581 | D:2      | Identified the +2 leather armour of Snakes and Ladders
                  | {Dex+8}
  2862 | D:2      | Killed Robin
  3188 | D:2      | Noticed Natasha
  3204 | D:2      | Killed Natasha
  3605 | D:3      | Reached XP level 6. HP: 38/38 MP: 6/6
  3824 | D:4      | Reached skill level 1 in Dodging
  4029 | D:5      | Entered Level 5 of the Dungeon
  4074 | D:5      | Reached skill level 5 in Maces & Flails
  4241 | D:5      | Found a runed translucent gate.
  4241 | D:5      | Found a runed translucent gate.
  4241 | D:5      | Found a runed translucent gate.
  4339 | D:4      | Reached XP level 7. HP: 44/44 MP: 7/7
  4873 | D:5      | Noticed Ijyb
  4873 | D:5      | Noticed Duvessa
  4888 | D:5      | Paralysed by Ijyb for 3 turns
  4891 | D:5      | Noticed Dowan
  4895 | D:4      | Paralysed by Ijyb for 4 turns
  4903 | D:4      | Paralysed by Ijyb for 6 turns
  4915 | D:4      | Killed Ijyb
  5011 | D:5      | Reached skill level 1 in Stealth
  5221 | D:5      | Noticed croobank's ghost (amateur OpTm)
  5803 | D:5      | Reached XP level 8. HP: 48/48 MP: 8/8
  5969 | D:6      | Reached skill level 5 in Fighting
  6028 | D:5      | Found a snail-covered altar of Cheibriados.
  6123 | D:5      | Killed Dowan
  6316 | D:5      | HP: 1/49 [Duvessa (7)]
  6326 | D:5      | Killed Duvessa
  6524 | D:5      | Reached skill level 5 in Shields
  7236 | D:6      | Reached XP level 9. HP: 54/55 MP: 9/9
  7835 | D:6      | Found a basalt altar of Yredelemnul.
  8847 | D:7      | Found a runed translucent door.
  8944 | D:7      | Noticed a gargoyle
  9090 | D:7      | Noticed a troll
  9091 | D:7      | Noticed a manticore
  9392 | D:7      | Found Pawoxo's Weapon Boutique.
  9537 | D:7      | Found a stormy altar of Qazlal.
  9545 | D:7      | Reached XP level 10. HP: 60/60 MP: 10/10
  9745 | D:7      | Found a staircase to the Ecumenical Temple.
  9754 | Temple   | Entered the Ecumenical Temple
  9895 | Temple   | Became a worshipper of Warmaster Okawaru
 10477 | D:8      | Found a shimmering altar of Xom.
 10758 | D:7      | Found a shimmering blue altar of Sif Muna.
 10843 | D:7      | Reached * piety under Okawaru
 11100 | D:9      | Reached skill level 10 in Maces & Flails
 11189 | D:9      | Reached skill level 5 in Armour
 11202 | D:9      | Reached ** piety under Okawaru
 11252 | D:9      | Found a hazy altar of Hepliaklqana.
 11283 | D:10     | Entered Level 10 of the Dungeon
 11331 | D:10     | Noticed an orc knight
 11431 | D:10     | Found a staircase to the Lair.
 11459 | D:10     | Reached skill level 5 in Dodging
 11540 | D:10     | Reached *** piety under Okawaru
 11603 | D:10     | Reached XP level 11. HP: 65/67 MP: 11/11
 11789 | D:10     | Found a portal to a secret trove of treasure.
 12054 | D:9      | Reached **** piety under Okawaru
 12136 | D:9      | Noticed a boulder beetle
 12205 | D:8      | Reached skill level 10 in Shields
 12493 | D:7      | Noticed a cyclops
 12523 | D:7      | Killed a cyclops
 12538 | D:7      | Identified the +4 scale mail of Eternal Vigilance {Contam
                  | Will+++ Str+4 Stlth-}
 12597 | D:7      | Reached ***** piety under Okawaru
 12680 | D:7      | Killed a manticore
 12696 | D:7      | Identified the +12 scimitar "Juankugo" {freeze, rElec
                  | Dex+3}
 12698 | D:7      | Identified the +4 plate armour of the Butcher {Harm}
 12903 | D:5      | Killed croobank's ghost
 13138 | D:9      | Reached skill level 1 in Long Blades
 13279 | D:11     | Found a runed translucent door.
 13477 | D:11     | Reached skill level 5 in Stealth
 13732 | D:11     | Noticed a cyclops
 13748 | D:11     | Killed a cyclops
 13748 | D:11     | Identified the +1 crystal plate armour of Slimy the Leaf
                  | {rElec rN+} (Okawaru gifted it to you on level 11 of the
                  | Dungeon)
 13748 | D:11     | Received a gift from Okawaru
 13848 | D:11     | Noticed a two-headed ogre
 13857 | D:11     | Killed a two-headed ogre
 13858 | D:11     | Reached XP level 12. HP: 74/74 MP: 12/12
 14102 | D:11     | Noticed bladeefan's ghost (novice DsBe)
 14163 | D:11     | Found a staircase to the Orcish Mines.
 14236 | D:12     | Noticed a two-headed ogre
 14289 | D:12     | Killed a two-headed ogre
 14350 | D:12     | Noticed a seven-headed hydra
 14411 | Lair:1   | Entered Level 1 of the Lair of Beasts
 14608 | Lair:1   | Found a frozen archway.
 14631 | IceCv    | Entered an ice cave
 15223 | IceCv    | Noticed a death yak
 15223 | IceCv    | Noticed a frost giant
 15223 | IceCv    | Noticed a death yak
 15223 | IceCv    | Noticed a death yak
 15241 | IceCv    | Mangled by a frost giant

Illustrated notes

Levels and vault maps discovered:
D:1:      co_arrival_square_in_a_square_in_a_square, layout_loops_corners,
          hangedman_decor_growths, serial_bayou_pond_b
D:2:      minmay_roachtagon, layout_basic, minmay_misc_feat_roman,
          bh_walls_and_bars, uniq_natasha, uniq_robin
D:3:      layout_loops_cross, mainiacjoe_overflow_tiny_flanked,
          nemelex_xobeh_ov_fountains_minmay, shapermc_ecumenical_altar_venn,
          minmay_misc_feat_tower
D:4:      layout_basic
D:5:      layout_loops_ring, nicolae_overflow_hidden_temple,
          gammafunk_ghost_nasty_kobolds, kennysheep_small_square, uniq_ijyb,
          uniq_duvessa
D:6:      minmay_angry_zag, layout_rooms, lemuel_mausoleum_altar_yredelemnul,
          serial_undead, serial_undead_f, serial_undead_f, serial_undead_a,
          serial_undead_b, serial_undead_c, serial_undead_e, serial_undead_d,
          serial_undead_e, serial_undead_a, serial_undead_f, minivault_11,
          grunt_ministairs_5
D:7:      minmay_the_grid_triangle_9x9_rhombus_full
          [minmay_the_grid_triangle_9x9_sprig,
          minmay_the_grid_triangle_9x9_subtriangle,
          minmay_the_grid_triangle_9x9_longest,
          minmay_the_grid_triangle_9x9_pentomino_pain,
          minmay_the_grid_triangle_9x9_corruption,
          minmay_the_grid_triangle_9x9_from_above,
          minmay_the_grid_triangle_9x9_zippers_horizontal,
          minmay_the_grid_triangle_9x9_prize_schism], layout_loops_ring,
          nicolae_sif_muna_condensation, nicolae_qazlal_style_of_elements,
          minmay_temple_entry_trees, serial_shops, shop, grunt_ministairs_9
D:8:      layout_rooms, mainiacjoe_overflow_six_doors_small
D:9:      layout_cave_pools, old_standard_altar, mainiacjoe_overflow_chevrons,
          minmay_ruffians
D:10:     layout_long_grid, amethyst_overflow_temple_binary,
          due_lair_maze_entry_diamond, nicolae_trove_entry_diagonal,
          minivault_20
D:11:     layout_long_grid, david_orc_4, ebering_ghost_reflecting_pool
D:12:     okawaru_arena_lexackson, layout_long_grid, serial_shops,
          nicolae_shop_stone, uniq_josephine
Temple:   jpeg_temple_clearing
Lair:1:   lemuel_slime, layout_cave_pods, portal_ice_cave_entry_imps,
          grunt_megastairs_2, infiniplex_staircase_pool_2, uniq_gastronok
IceCv:    ice_cave_caverns_01

Skill      XL: |  1  2  3  4  5  6  7  8  9 10 11 12 |
---------------+-------------------------------------+-----
Fighting       | 4 5 6 7 8 |  8.7
Maces & Flails | 3 4 5 6 7 9 10 11 | 11.9
Armour         | 4 5 |  5.5
Shields        | 4 5 7 9 10 11 | 11.8
Dodging        | 1 2 3 5 6 |  6.5
Stealth        | 1 2 3 4 5 |  5.6
Long Blades    | 3 |  3.9
Evocations     | |  0.6

Action                   |  1- 3 |  4- 6 |  7- 9 | 10-12 || total
-------------------------+-------+-------+-------+-------++-------
Melee: Flail             |   101 |   196 |   574 |       ||   871
       Mace              |       |       |    22 |   731 ||   753
       Dire flail        |       |       |       |    36 ||    36
       Scimitar          |       |       |       |    62 ||    62
       Long sword        |       |       |       |    48 ||    48
       War axe           |       |       |       |     3 ||     3
Invok: Heroism           |       |       |       |     1 ||     1
Evoke: Wand              |       |       |     2 |    16 ||    18
  Use: Potion            |       |     4 |     8 |       ||    12
       Scroll            |       |       |     4 |     9 ||    13
 Stab: Sleeping          |       |     1 |     9 |     5 ||    15
       Distracted        |       |       |       |     1 ||     1
       Paralysed         |       |       |       |     1 ||     1
Armor: Scale mail        |    86 |    39 |       |       ||   125
       Leather armour    |       |    61 |   245 |   288 ||   594
Dodge: Dodged            |    60 |   108 |   350 |   481 ||   999
Block: Buckler           |    19 |    52 |   210 |   314 ||   595

Table legend: (Time is in decaauts)
 A = Elapsed time spent in this place.
 B = Non-inter-level travel time spent in this place.
 C = Inter-level travel time spent in this place.
 D = Time resting spent in this place.
 E = Time spent auto-exploring this place.
 F = Levels seen in this place.
 G = Mean time per level.
                   A        B        C        D        E       F      G
               +--------+--------+--------+--------+--------+-----+--------+
         Total |  15296 |  14448 |    848 |   2383 |   7793 |  15 | 1019.7 |
       Dungeon |  14334 |  13539 |    795 |   2350 |   7545 |  12 | 1194.5 |
        Temple |    154 |    120 |     34 |      0 |    105 |   1 |  154.0 |
          Lair |    233 |    214 |     19 |      0 |     50 |   1 |  233.0 |
      Ice Cave |    574 |    574 |      0 |     33 |     93 |   1 |  574.0 |
               +--------+--------+--------+--------+--------+-----+--------+

Top non-repeatable levels by time:
     D:7: 2312 daAuts
     D:5: 2250 daAuts
     D:2: 1709 daAuts
     D:6: 1683 daAuts
     D:3: 1183 daAuts
     D:1: 1021 daAuts
    D:11: 1002 daAuts
     D:4: 891 daAuts
     D:8: 774 daAuts
    D:10: 771 daAuts
     D:9: 630 daAuts
   IceCv: 574 daAuts
  Lair:1: 233 daAuts
  Temple: 154 daAuts
    D:12: 102 daAuts
